 Dungeon Crawl Stone Soup version 0.31-a0-620-gd1cbd99268 (webtiles) character file.

Game seed: 12714626769595674643

134 Dirtsage the Changeling (level 5, -9/33 HPs)
             Began as an Octopode Shapeshifter on Aug 24, 2023.
             Killed by divine providence
             ... invoked by an orc priest
              (14 damage)
             ... on level 4 of the Dungeon.
             The game lasted 00:03:28 (2086 turns).

Dirtsage the Changeling (Octopode Shapeshifter)     Turns: 2086, Time: 00:03:28

Health: -9/33      AC:  1    Str: 14    XL:     5   Next: 17%
Magic:  5/5        EV: 13    Int: 12    God:
Gold:   100        SH:  0    Dex: 13    Spells: 4/4 levels left

rFire   + .          .
                       - Unarmed
rCold   . . .        (no shield)
rNeg    + . .        (helmet currently unavailable)
rPois   .            (no amulet)
rElec   .            F - ring of protection from fire
rCorr   .            N - ring of positive energy
SInv    .            W - ring of wizardry
Will    .....        (no ring)
Stlth   ++           (no ring)
HPRegen 0.25/turn    (no ring)
MPRegen 0.09/turn    (no ring)
                     (no ring)

%: wizardry (x1)
@: beast-form
A: beast (slay +2), almost no armour, amphibious, 8 rings, camouflage 1,
gelatinous body 1, (nimble swimmer 1), tentacles
a: Begin Untransformation


You were on level 4 of the Dungeon.
You were a hulking beast.
You visited 1 branch of the dungeon, and saw 4 of its levels.

You collected 100 gold pieces.

Inventory:

Missiles
 k - 3 darts of dispersal
Armour
 l - a +0 hat
Jewellery
 F - a ring of protection from fire (left tentacle)
 N - a ring of positive energy (right tentacle)
 W - a ring of wizardry (on tentacle)
Talismans
 b - a beast talisman (active)
 c - a flux talisman
Scrolls
 d - 3 scrolls of identify {unknown}
 f - a scroll of revelation {unknown}
 g - 2 scrolls of amnesia {unknown}
 h - 2 scrolls of blinking {unknown}
 j - 3 scrolls of teleportation {unknown}
Potions
 a - a potion of lignification
 e - a potion of heal wounds {unknown}
 i - a potion of enlightenment {unknown}


   Skills:
 - Level 1.0 Fighting
 - Level 2.0 Dodging
 + Level 4.1 Unarmed Combat
 * Level 4.7 Shapeshifting


You had 4 spell levels left.
You didn't know any spells.
Your spell library was empty.

Dungeon Overview and Level Annotations

Branches:
Dungeon (4/15)
 Temple: D:4-7

Altars:
The Shining One

Shops:
D:3 (

Annotations:
D:4 Pikel


Innate Abilities, Weirdness & Mutations

You are a hulking beast.
Your limbs bulge with bestial killing power. (Slay +2)
You cannot wear most types of armour.
You are amphibious.
You can wear up to eight rings at the same time.
Your skin changes colour to match your surroundings (Stealth+).
Your rubbery body absorbs attacks. (AC +1, EV +1)
((You are camouflaged when in or above water. (Stealth+)))
You have tentacles for arms and can constrict up to eight enemies at once.


Message History

You climb upwards.
There is a stone staircase leading down here.
There is a stone staircase leading down here.
You climb downwards.
Level annotation: Pikel
Found 11 gold pieces.
Found an escape hatch in the ceiling.
There is a stone staircase leading up here.
An orc comes into view. It is wielding a +0 club.
The orc shouts!
You hear a shout!
An orc priest comes into view. It is wielding a +0 dagger.
You closely miss the orc priest. You grab the orc priest.
You constrict the orc priest.
The orc priest hits you with a +0 war axe of flaming.
The dart slug launches a dart at you. The slug dart misses you.
You take 4 damage, and have 24/28 hp.
You tentacle-slap the orc priest. You squeeze the orc priest.
The orc priest is moderately wounded.
You constrict the orc priest.
The orc priest hits you with a +0 war axe of flaming!
You take 7 damage, and have 17/28 hp.
MASSIVE DAMAGE!!
You tentacle-slap the orc priest. You squeeze the orc priest.
The orc priest is almost dead.
You constrict the orc priest.
You kill the orc priest!
A quokka comes into view.
The orc priest calls down the wrath of Beogh upon you.
Beogh smites you!
* * * LOW HITPOINT WARNING * * *
The dart slug launches a dart at you. The slug dart hits you.
* * * LOW HITPOINT WARNING * * *
Your Unarmed Combat skill increases to level 4!
You have reached level 5!
You feel agile.
You take 12 damage, and have 5/33 hp.
MASSIVE DAMAGE!!
MP restored: 5 The orc priest invokes the aid of Beogh against you.
Beogh smites you!
You die...

## ... .... ##
##.<.. #.
#......
..####.#.......
...............
#.#<..$....
#.h.......
#.........
#)........
#o........
#.........
#.....w...
#o######## #r#
#.#


You could see an orc priest, a dart slug, an orc and a quokka (wandering).

Vanquished Creatures
  An orc priest (D:4)
  Natasha (D:2)
  2 adders (D:2)
  5 endoplasms
  A giant cockroach (D:1)
  2 goblins
  11 hobgoblins
  4 jackals (D:3)
  3 kobolds (D:1)
  3 quokkas
  5 ball pythons
  8 bats
  2 frilled lizards
  5 rats
53 creatures vanquished.

Notes
Turn   | Place    | Note
-------+----------+-------------------------------------------
     0 | D:1      | Dirtsage the Octopode Shapeshifter began the quest for the
                  | Orb.
     0 | D:1      | Reached XP level 1. HP: 13/13 MP: 1/1
   103 | D:1      | Reached XP level 2. HP: 18/18 MP: 2/2
   284 | D:1      | Reached XP level 3. HP: 15/23 MP: 3/3
  1212 | D:2      | Reached XP level 4. HP: 28/28 MP: 4/4
  1250 | D:2      | Noticed Natasha
  1260 | D:2      | Killed Natasha
  1663 | D:3      | Found a glowing golden altar of the Shining One.
  1667 | D:3      | Found Peir's Antique Weapon Boutique.
  1694 | D:3      | Found a faded altar of an unknown god.
  2046 | D:4      | Noticed Pikel
  2046 | D:4      | Noticed a lemure
  2046 | D:4      | Noticed a lemure
  2046 | D:4      | Noticed a lemure
  2046 | D:4      | Noticed a lemure
  2086 | D:4      | Reached XP level 5. HP: 5/33 MP: 5/5
  2086 | D:4      | Killed from afar by an orc priest

Illustrated notes

Levels and vault maps discovered:
D:1:      psy_arrival_fountain, layout_loops_ring
D:2:      layout_basic, minmay_misc_feat_rugged, uniq_natasha
D:3:      layout_rooms, nicolae_overflow_hidden_temple, serial_shops,
          nicolae_shop_hallway_plus, chequers_ecumenical_altar_island
D:4:      layout_cave_pods, minmay_misc_feat_pillars, uniq_pikel

Skill      XL: |  1  2  3  4 |
---------------+-------------+-----
Shapeshifting  | 4 |  4.7
Unarmed Combat | 4 |  4.1
Fighting       | |  1.0
Dodging        | |  2.0

Action                     |  1- 3 |  4- 6 || total
---------------------------+-------+-------++-------
  Melee: Unarmed           |    74 |    21 ||    95
         Constrict         |    22 |     3 ||    25
         Tentacles         |     9 |     5 ||    14
         Punch             |     1 |     1 ||     2
   Stab: Sleeping          |     5 |     5 ||    10
 Armour: Skin              |     1 |     3 ||     4
  Dodge: Dodged            |    42 |     8 ||    50

Table legend: (Time is in decaauts)
 A = Elapsed time spent in this place.
 B = Non-inter-level travel time spent in this place.
 C = Inter-level travel time spent in this place.
 D = Time resting spent in this place.
 E = Time spent auto-exploring this place.
 F = Levels seen in this place.
 G = Mean time per level.
                   A        B        C        D        E       F      G
               +--------+--------+--------+--------+--------+-----+--------+
         Total |   2078 |   1987 |     91 |    215 |   1484 |   4 |  519.5 |
       Dungeon |   2078 |   1987 |     91 |    215 |   1484 |   4 |  519.5 |
               +--------+--------+--------+--------+--------+-----+--------+

Top non-repeatable levels by time:
     D:1: 857 daAuts
     D:2: 773 daAuts
     D:3: 440 daAuts
     D:4: 7 daAuts
